 Dungeon Crawl Stone Soup version 0.28-a0-828-g0121872642 (webtiles) character file.

Game seed: 199297086556229912

52 cheechan the Bolt Thrower (level 3, -1/33 HPs)
             Began as a Naga Hunter on Nov 10, 2021.
             Frozen to death by an endoplasm (2 damage)
             ... on level 2 of the Dungeon.
             The game lasted 00:07:13 (1218 turns).

cheechan the Bolt Thrower (Naga Hunter)             Turns: 1218, Time: 00:07:13

Health: -1/33      AC:  2    Str: 14    XL:     3   Next: 85%
Magic:  3/3        EV:  9    Int: 11    God:
Gold:   120        SH:  0    Dex: 12    Spells: 2/2 levels left

rFire   . . .      SeeInvis +   a - +1 hand crossbow
rCold   . . .      Faith    .   (no shield)
rNeg    . . .      Spirit   .   c - +0 leather armour
rPois   +          Reflect  .   (no helmet)
rElec   .          Harm     .   (no cloak)
rCorr   .          Rampage  .   (no gloves)
Will    .....                   (no barding)
Stlth   +.........              (no amulet)
HPRegen 0.11/turn               (no ring)
MPRegen 0.08/turn               (no ring)

@: very slow
A: AC +1, large, see invisible, deformed body, poison resistance, slowness 2,
spit poison 1, naga tail 1
a: Spit Poison


You were on level 2 of the Dungeon.
You visited 1 branch of the dungeon, and saw 2 of its levels.

You collected 120 gold pieces.

Inventory:

Hand Weapons
 a - a +1 hand crossbow (weapon)
 g - a +0 spear
Missiles
 d - 5 bolts (quivered ammo)
 e - 10 arrows
Armour
 c - a +0 leather armour (worn)
Potions
 b - a potion of lignification
 f - a potion of attraction {unknown}


   Skills:
 + Level 2.4 Fighting
 + Level 4.3 Crossbows
 + Level 1.0 Armour
 + Level 1.7 Dodging
 + Level 1.5 Stealth


You had 2 spell levels left.
You didn't know any spells.
Your spell library was empty.

Dungeon Overview and Level Annotations

Branches:
Dungeon (2/15)

Altars:

Shops:
D:1 (


Innate Abilities, Weirdness & Mutations

Your serpentine skin is tough. (AC +1)
You have supernaturally acute eyesight. (SInv)
Armour fits poorly on your strangely shaped body.
Your system is resistant to poisons. (rPois)
You cover ground very slowly.
You can spit poison.
You have a snake-like lower body.


Message History

You kill the gnoll!
Unknown command.
Fire: 9 bolts
Press: ? - help, Shift-Dir - straight line, f - worm
Aim: a worm (81% to hit)
You shoot a bolt. The bolt hits the worm.
The worm is moderately wounded.
You have got your breath back.
The worm bites you!
Fire: 8 bolts
Press: ? - help, Shift-Dir - straight line, f/p - worm
Aim: a worm (moderately wounded, 81% to hit)
You shoot a bolt. The bolt barely misses the worm.
The bolt barely misses the endoplasm.
Abil: Spit Poison
Press: ? - help, Q - select action, (/) - cycle Shift-Dir - straight line, f/p - worm
Aim: a worm (moderately wounded)
The splash of poison hits the worm!
The worm is poisoned.
The worm is severely wounded.
The worm bites you!
Fire: 7 bolts
Press: ? - help, Shift-Dir - straight line, f/p - worm
Aim: a worm (severely wounded, poisoned, 81% to hit)
You shoot a bolt. The bolt hits the worm.
The worm is almost dead.
The worm bites you!
* * * LOW HITPOINT WARNING * * *
Okay, then.
You aren't carrying any scrolls.
Fire: 6 bolts
Press: ? - help, Shift-Dir - straight line, f/p - worm
Aim: a worm (almost dead, poisoned, 81% to hit)
You shoot a bolt. The bolt hits the worm!
You kill the worm!
The endoplasm barely misses you.
Your Armour skill increases to level 1!
You have got your breath back.
The endoplasm freezes you.
You are frozen.
You die...

#..# ....
..##...###.....
.......(.......
#.#.###....
#.####>....J....
#......#)#######
#......#J#
#......#J#
##......#@#
..........#
..........#
.(........#
##......#.#
#......#.#
#......#.#
######.#.# #.#.#


You could see 2 endoplasms.

Vanquished Creatures
  A gnoll (D:2)
  A worm (D:2)
  A dart slug (D:1)
  2 ball pythons (D:1)
  5 endoplasms (D:1)
  2 giant cockroaches (D:1)
  2 goblins (D:1)
  8 hobgoblins
  4 kobolds
  2 quokkas (D:1)
  A bat (D:1)
  A frilled lizard (D:1)
  2 rats (D:1)
32 creatures vanquished.

Vanquished Creatures (others)
  A plant (D:1)
1 creature vanquished.

Grand Total: 33 creatures vanquished

Notes
Turn   | Place    | Note
-------+----------+-------------------------------------------
     0 | D:1      | cheechan the Naga Hunter began the quest for the Orb.
     0 | D:1      | Reached XP level 1. HP: 19/19 MP: 1/1
   130 | D:1      | Reached skill level 4 in Crossbows
   130 | D:1      | Reached XP level 2. HP: 15/26 MP: 2/2
   579 | D:1      | Found Utoelux's Antique Weapon Boutique.
   583 | D:1      | Reached XP level 3. HP: 29/32 MP: 3/3
  1215 | D:2      | HP: 1/33 [worm (10)]
  1217 | D:2      | Reached skill level 1 in Armour
  1218 | D:2      | Frozen to death by an endoplasm

Illustrated notes

Levels and vault maps discovered:
D:1:      giann_bridges, layout_basic, serial_shops, shop,
          basic_ecumenical_altar
D:2:      layout_basic, minmay_cupped

Skill      XL: |  1  2  3 |
---------------+----------+-----
Crossbows      | 4 |  4.3
Armour         | 1 |  1.0
Fighting       | |  2.4
Dodging        | |  1.7
Stealth        | |  1.5

Action                   || total
-------------------------++-------
Melee: Hand crossbow     ||    30
 Fire: Hand crossbow     ||    56
 Abil: Spit Poison       ||     9
  Use: Scroll            ||     4
Armor: Leather armour    ||    24
Dodge: Dodged            ||    40

Table legend: (Time is in decaauts)
 A = Elapsed time spent in this place.
 B = Non-inter-level travel time spent in this place.
 C = Inter-level travel time spent in this place.
 D = Time resting spent in this place.
 E = Time spent auto-exploring this place.
 F = Levels seen in this place.
 G = Mean time per level.
                   A        B        C        D        E       F      G
               +--------+--------+--------+--------+--------+-----+--------+
         Total |   1673 |   1673 |      0 |      0 |      0 |   2 |  836.5 |
       Dungeon |   1673 |   1673 |      0 |      0 |      0 |   2 |  836.5 |
               +--------+--------+--------+--------+--------+-----+--------+

Top non-repeatable levels by time:
     D:1: 1392 daAuts
     D:2: 280 daAuts
